 Dungeon Sprint DCSS version 0.27-a0-1324-ge0d8e047f6 (webtiles) character file.

Game seed: 6539236749590195597

130 rocky1 the Blocker (level 5, -3/41 HPs)
             Began as a Formicid Fighter on June 24, 2021.
             Was an Initiate of Cheibriados.
             Slain by a troll (8 damage)
             ... in the Dungeon (Sprint IX: "|||||||||||||||||||||||||||||").
             The game lasted 00:02:14 (391 turns).

rocky1 the Blocker (Formicid Fighter)                Turns: 391, Time: 00:02:15

Health: -3/41      AC: 11    Str: 22    XL:     5   Next: 36%
Magic:  5/5        EV:  9    Int: 12    God:    Cheibriados [......]
Gold:   0          SH: 11    Dex: 11    Spells: 4/4 levels left

rFire    . . .     SeeInvis +   k - +2 scimitar (holy)
rCold    . . .     Faith    .   c - +0 kite shield
rNeg     . . .     Spirit   .   l - +1 chain mail
rPois    .         Reflect  .   (helmet unavailable)
rElec    .         Harm     .   a - +0 cloak
rCorr    .         Rampage  .   (no gloves)
Will     .....                  (no boots)
Stlth    ..........             (no amulet)
HPRegen  0.13/turn              n - +3 ring of intelligence
MPRegen  0.09/turn              m - +2 ring of evasion

@: very slightly contaminated, invisible, very slow
A: permanent stasis, dig shafts and tunnels, antennae 3, four strong arms
a: Dig, Renounce Religion, Bend Time


You were in the Dungeon.
You worshipped Cheibriados.
Cheibriados was noncommittal.
You visited 1 branch

Inventory:

Hand Weapons
 k - a +2 scimitar of holy wrath (weapon)
Armour
 a - a +0 cloak (worn)
 c - a +0 kite shield (worn)
 l - a +1 chain mail (worn)
Jewellery
 m - a +2 ring of evasion (right hand)
 n - a +3 ring of intelligence (left hand)
Wands
 j - a wand of iceblast (10)
Scrolls
 i - 2 scrolls of amnesia
Potions
 d - a potion of might
 e - 5 potions of curing
 f - 3 potions of heal wounds
 g - 4 potions of magic


   Skills:
 - Level 3.2 Fighting
 + Level 7.2 Long Blades
 - Level 3.2 Armour
 - Level 9.1 Shields
 + Level 0.0 Invocations


You had 4 spell levels left.
You didn't know any spells.
Your spell library was empty.

Dungeon Overview and Level Annotations

Branches:
Dungeon (1/1)

Altars:
Cheibriados
Dithmenos
Elyvilon
Fedhas
Gozag
Hepliaklqana
Kikubaaqudgha
Makhleb
Nemelex Xobeh
Okawaru
Qazlal
Ru
Sif Muna
Trog
Uskayaw
Vehumet
Wu Jian
Xom
Yredelemnul
Zin
The Shining One
Beogh
Jiyva
Lugonu


Innate Abilities, Weirdness & Mutations

You cannot be hasted, slowed, berserked, paralysed or teleported.
You can dig through walls and to a lower floor.
You have a pair of large antennae on your head. (SInv)
Your four strong arms can wield two-handed weapons with a shield.


Message History

The two-headed ogre shouts in stereo!
The centaur shouts!
Unknown command.
You fade into invisibility!
You block the troll's attack. The troll misses you.
The troll claws you but does no damage.
The centaur wields a +0 shortbow.
The centaur shoots an arrow.
The arrow hits the troll!
You are very lightly contaminated with residual magic.
Your chain mail prevents you from hitting the troll.
The troll is moderately wounded.
You block the troll's attack. x2; The troll misses you.
The troll barely misses you. You block the troll's attack. The troll claws you.
The shadow slips into darkness.
The shadow flickers and vanishes for a moment.
You closely miss the troll.
The troll is moderately wounded.
The shadow slips into darkness.
The shadow flickers and vanishes for a moment.
The troll closely misses you. The troll barely misses you.
You block the troll's attack.
You catch the helpless troll completely off-guard!
You hit the troll but do no damage.
The troll is moderately wounded.
The troll bites you. The troll closely misses you. x2
You slash the troll!
The troll is severely wounded.
The troll bites you but does no damage. The troll claws you!
You block the troll's attack.
You completely miss the troll.
The troll is heavily wounded.
You block the troll's attack. The troll claws you!
The troll completely misses you.
You closely miss the troll.
The troll is heavily wounded.
The troll bites you!
* * * LOW HITPOINT WARNING * * *
The troll claws you but does no damage. x2
You slash the troll!
The troll is almost dead.
You block the troll's attack. The troll claws you!
You die...

▓.▓
▓O▓
▓W▓
▓l▓
▓W▓
▓c▓
▓T▓
▓@▓
{
▓.▓
{
▓.▓
{
▓[▓
{
▓.▓
{
▓.▓
{
▓)▓
{
▓?▓
{
▓.▓


You could see a two-headed ogre, a komodo dragon, a troll, 2 shadows and a
centaur.

Vanquished Creatures
  A necrophage (D)
  A hound (D)
  A worm (D)
  An orc (D)
  2 ball pythons (D)
  A giant cockroach (D)
  A goblin (D)
  A ball python zombie (D)
  A frilled lizard (D)
10 creatures vanquished.

Notes
Turn   | Place    | Note
-------+----------+-------------------------------------------
     0 | D        | rocky1 the Formicid Fighter began the quest for the Orb.
     0 | D        | Reached XP level 1. HP: 18/18 MP: 1/1
     5 | D        | Reached skill level 4 in Shields
   132 | D        | Noticed a hound
   132 | D        | Noticed a necrophage
   137 | D        | Reached skill level 5 in Shields
   137 | D        | Reached XP level 2. HP: 24/24 MP: 2/2
   145 | D        | Killed a necrophage
   146 | D        | Reached skill level 8 in Shields
   146 | D        | Reached XP level 3. HP: 19/29 MP: 3/3
   146 | D        | Reached XP level 4. HP: 22/35 MP: 4/4
   146 | D        | Reached XP level 5. HP: 26/41 MP: 5/5
   155 | D        | Reached skill level 9 in Shields
   317 | D        | Found a snail-covered altar of Cheibriados.
   317 | D        | Found a shadowy altar of Dithmenos.
   317 | D        | Found a white marble altar of Elyvilon.
   317 | D        | Found a blossoming altar of Fedhas.
   317 | D        | Found an opulent altar of Gozag.
   318 | D        | Found a hazy altar of Hepliaklqana.
   319 | D        | Found a viscous altar of Jiyva.
   320 | D        | Found an ancient bone altar of Kikubaaqudgha.
   321 | D        | Became a worshipper of Cheibriados the Contemplative
   322 | D        | Found a corrupted altar of Lugonu.
   323 | D        | Found a burning altar of Makhleb.
   324 | D        | Found a sparkling altar of Nemelex Xobeh.
   325 | D        | Found an iron altar of Okawaru.
   326 | D        | Found a stormy altar of Qazlal.
   327 | D        | Found a sacrificial altar of Ru.
   328 | D        | Found a shimmering blue altar of Sif Muna.
   329 | D        | Found a bloodstained altar of Trog.
   330 | D        | Found a hide-covered altar of Uskayaw.
   331 | D        | Found a radiant altar of Vehumet.
   332 | D        | Found an ornate altar of the Wu Jian Council.
   333 | D        | Found a shimmering altar of Xom.
   334 | D        | Found a basalt altar of Yredelemnul.
   335 | D        | Found a glowing silver altar of Zin.
   336 | D        | Found a glowing golden altar of the Shining One.
   383 | D        | Noticed a two-headed ogre
   383 | D        | Noticed a shadow
   383 | D        | Noticed a komodo dragon
   383 | D        | Noticed a shadow
   383 | D        | Noticed a centaur
   383 | D        | Noticed a troll
   391 | D        | Slain by a troll

Illustrated notes

Levels and vault maps discovered:
D:        linesprint [early_d, line_temple, items_1, d_10, items_2, lair_1,
          lair_end, items_3, orc_1, orc_end, items_4, d_15, swamp_1, shoals_1,
          snake_1, spider_1, d_20, vaults_1, items_5, swamp_end, shoals_end,
          snake_end, spider_end, vaults_end, d_27, items_6, zot_1, zot_end,
          crypt_end, forest_end, elf_end, slime_end, tomb_end, abyss_end,
          pan_hell_end]

Skill      XL: |  1  2  3  4  5 |
---------------+----------------+-----
Shields        | 5 8 9 |  9.1
Long Blades    | 3 6 7 |  7.2
Fighting       | |  3.2
Armour         | |  3.2

Action                   |  1- 3 |  4- 6 || total
-------------------------+-------+-------++-------
Melee: Long sword        |    26 |    14 ||    40
       Scimitar          |       |     7 ||     7
  Use: Potion            |       |     1 ||     1
 Stab: Invisible         |       |     1 ||     1
Armor: Scale mail        |     4 |     2 ||     6
       Chain mail        |       |     4 ||     4
Dodge: Dodged            |    10 |    14 ||    24
Block: Kite shield       |     9 |    14 ||    23
       Rpst.: Long sword |     2 |     2 ||     4

Table legend: (Time is in decaauts)
 A = Elapsed time spent in this place.
 B = Non-inter-level travel time spent in this place.
 C = Inter-level travel time spent in this place.
 D = Time resting spent in this place.
 E = Time spent auto-exploring this place.
 F = Levels seen in this place.
 G = Mean time per level.
                   A        B        C        D        E       F      G
               +--------+--------+--------+--------+--------+-----+--------+
         Total |    409 |    409 |      0 |    260 |      0 |   1 |  409.0 |
       Dungeon |    409 |    409 |      0 |    260 |      0 |   1 |  409.0 |
               +--------+--------+--------+--------+--------+-----+--------+

Top non-repeatable levels by time:
       D: 409 daAuts
